 Dungeon Crawl Stone Soup version 0.28-a0-627-g4e9751bbfc (webtiles) character file.

Game seed: 11576458602557760708

23 OfficerJojo the Digger (level 2, -2/22 HPs)
             Began as a Gargoyle Earth Elementalist on Oct 8, 2021.
             Slain by a goblin (3 damage)
             ... led by Robin
             ... on level 2 of the Dungeon.
             The game lasted 00:03:17 (832 turns).

OfficerJojo the Digger (Gargoyle Earth Elementalist) Turns: 832, Time: 00:03:17

Health: -2/22      AC: 21    Str: 11    XL:     2   Next: 95%
Magic:  1/5        EV:  2    Int: 15    God:
Gold:   23         SH:  0    Dex: 16    Spells: 5/6 levels left

rFire   . . .      SeeInvis .   (no weapon)
rCold   . . .      Faith    .   (no shield)
rNeg    + . .      Spirit   .   (armour currently unavailable)
rPois   ∞          Reflect  .   (helmet currently unavailable)
rElec   .          Harm     .   (cloak currently unavailable)
rCorr   .          Rampage  .   (gloves currently unavailable)
Will    .....      NoTele   +   (boots currently unavailable)
Stlth   ++........              (no amulet)
HPRegen 0.07/turn               f - +6 ring of dexterity
MPRegen 0.09/turn               (no ring)

@: tree-form
A: stationary, stasis, torment immunity, boosted hp, sickness immunity, AC +2,
negative energy resistance 1, (electricity resistance), torment resistance 1,
petrification resistance
a: no special abilities


You were on level 2 of the Dungeon.
You were a tree.
You visited 1 branch of the dungeon, and saw 2 of its levels.

You collected 23 gold pieces.

Inventory:

Missiles
 c - 67 stones
Armour
 b - a +0 robe (melded)
Jewellery
 f - a +6 ring of dexterity (left branch)
Scrolls
 g - 2 scrolls of amnesia
Potions
 d - a potion of heal wounds {unknown}
 e - 2 potions of lignification


   Skills:
 - Level 1.5 Dodging
 - Level 2.1 Stealth
 + Level 2.5 Spellcasting
 - Level 1.1 Transmutations
 + Level 4.2 Earth Magic


You had 5 spell levels left.
You knew the following spells:

 Your Spells              Type           Power      Damage    Failure   Level
a - Sandblast             Erth           28%        2d8       3%          1

Your spell library contained the following spells:

 Spells                   Type           Power      Damage    Failure   Level
 Passwall                 Tmut/Erth      7%         N/A       11%         2
 Stone Arrow              Conj/Erth      16%        3d8       26%         3
 Petrify                  Tmut/Erth      9%         N/A       56%         4


Dungeon Overview and Level Annotations

Branches:
Dungeon (2/15)

Altars:

Annotations:
D:2 Robin


Innate Abilities, Weirdness & Mutations

You are a tree.
Your roots penetrate the ground, keeping you stationary.
You cannot be teleported.
You are immune to unholy pain and torment.
Your maximum health is greatly increased.
Your equipment is partially melded.
You are immune to sickness and miasma.
((Your stone body is resilient. (AC +2)))
You are immune to poison.
You resist negative energy. (rN+)
((You are resistant to electric shocks. (rElec)))
You are resistant to unholy torment.
You are immune to petrification.


Message History

Robin roars a battlecry!
Casting: Sandblast (safe; 3% risk of failure)
Confirm with . or Enter, or press ? or * to list all spells.
You don't have enough magic to cast this spell.
Unknown command.
Robin throws the goblin at you!
You hit the goblin.
The goblin is severely wounded.
The goblin hits you with a +0 dagger. Robin throws something at you!
You closely miss the goblin.
The goblin is severely wounded.
The goblin hits you but does no damage. Something hits you.
As you read the scroll labelled AVVYT GYCEOMA, it crumbles to dust.
It is a scroll of amnesia.
Really abort (and waste the scroll)?
Uppercase [Y]es or [N]o only, please.
Really abort (and waste the scroll)?
Uppercase [Y]es or [N]o only, please.
Really abort (and waste the scroll)?
Okay, then.
The goblin closely misses you. Something hits you.
* * * LOW HITPOINT WARNING * * *
Robin hits you from afar with a +0 vampiric trident.
* * * LOW HITPOINT WARNING * * *
Unknown command.
As you read the scroll labelled ZOWAEH UXKAI, it crumbles to dust.
It is a scroll of identify.
e - 3 potions of lignification The goblin misses you.
Something hits you.
* * * LOW HITPOINT WARNING * * *
Robin completely misses you.
Unknown command.
Really quaff the potion of lignification?
Okay, then.
Really quaff the potion of lignification?
Uppercase [Y]es or [N]o only, please.
Really quaff the potion of lignification?
You turn into a tree.
Your +0 robe melds into your body.
Your roots penetrate the ground.
The goblin hits you with a +0 dagger.
You die...

############## ##
#............# ####
##.####.##########.#
#..) .......#.#
#.#####.## #######.##
#.......## #.#
#..##...(. #.#
#..##...##
#.##########..####.##
#..g♣{g)......# #...
#########.#.#.# ####
#.#.#.# # #g#.#.# .
#.#.#.# .g#


gg# gg# .gg. You could see Robin and a goblin (strong).

Vanquished Creatures
  An adder (D:2)
  2 bats (D:1)
  4 endoplasms (D:1)
  2 goblins (D:2)
  A hobgoblin (D:1)
  A ball python (D:1)
  A frilled lizard (D:1)
  A rat (D:1)
13 creatures vanquished.

Notes
Turn   | Place    | Note
-------+----------+-------------------------------------------
     0 | D:1      | OfficerJojo the Gargoyle Earth Elementalist began the quest
                  | for the Orb.
     0 | D:1      | Reached XP level 1. HP: 10/10 MP: 3/3
   160 | D:1      | Reached skill level 1 in Transmutations
   390 | D:1      | Reached XP level 2. HP: 15/15 MP: 3/5
   758 | D:2      | Reached skill level 4 in Earth Magic
   814 | D:2      | Noticed Robin
   832 | D:2      | Slain by a goblin

Illustrated notes

Levels and vault maps discovered:
D:1:      onia_arrival_handbag, layout_loops_ring, corexii_corridor_pit
D:2:      minmay_inner_zag, layout_loops_ring, uniq_robin, uniq_natasha

Skill      XL: |  1  2 |
---------------+-------+-----
Transmutations | 1 |  1.1
Earth Magic    | 4 |  4.2
Dodging        | |  1.5
Stealth        | |  2.1
Spellcasting   | |  2.5

Action                   || total
-------------------------++-------
Melee: Unarmed           ||     2
 Cast: Sandblast         ||    19
  Use: Scroll            ||     2
       Potion            ||     1
Armor: Robe              ||     3
Dodge: Dodged            ||     5

Table legend: (Time is in decaauts)
 A = Elapsed time spent in this place.
 B = Non-inter-level travel time spent in this place.
 C = Inter-level travel time spent in this place.
 D = Time resting spent in this place.
 E = Time spent auto-exploring this place.
 F = Levels seen in this place.
 G = Mean time per level.
                   A        B        C        D        E       F      G
               +--------+--------+--------+--------+--------+-----+--------+
         Total |    831 |    819 |     12 |      0 |    734 |   2 |  415.5 |
       Dungeon |    831 |    819 |     12 |      0 |    734 |   2 |  415.5 |
               +--------+--------+--------+--------+--------+-----+--------+

Top non-repeatable levels by time:
     D:1: 750 daAuts
     D:2: 81 daAuts
